 Dungeon Crawl Stone Soup version 0.19-a0-1732-g0b18a7b (webtiles) character file.

349 Amnesiac the Cutter (level 6, 0/28 HPs)
             Began as a Deep Elf Earth Elementalist on Sept 30, 2016.
             Was a Follower of Ashenzari.
             Succumbed to an adder's poison
             ... on level 3 of the Dungeon.
             The game lasted 00:07:18 (2916 turns).

Amnesiac the Cutter (Deep Elf Earth Elementalist)   Turns: 2916, Time: 00:07:19

Health: 0/28       AC:  1    Str:  5    XL:     6   Next: 33%
Magic:  0/14       EV: 13    Int: 23    God:    Ashenzari [*.....]
Gold:   115        SH:  0    Dex: 17    Spells: 3 memorised, 6 levels left

rFire  . . .     SeeInvis .     f - +0 dagger (curse)
rCold  . . .     Gourm    .     c - +0 robe
rNeg   . . .     Faith    .     (no shield)
rPois  .         Spirit   .     (no helmet)
rElec  .         Dismiss  .     (no cloak)
rCorr  .         Reflect  .     (no gloves)
MR     .....     Harm     .     (no boots)
Stlth  ++........               (no amulet)
                                (no ring)
                                r - ring of flight

@: brilliant, lethally poisoned (0 -> -12), very slightly contaminated
A: deformed body, dopey 1, frail 1
a: Curse Item, Scrying, Renounce Religion, Evoke Flight


You were on level 3 of the Dungeon.
You worshipped Ashenzari.
Ashenzari was aware of your devotion.
You were not hungry.

You visited 2 branches of the dungeon, and saw 5 of its levels.

You collected 115 gold pieces.

Inventory:

Hand Weapons
 f - a cursed +0 dagger (weapon)
Missiles
 b - 47 stones (quivered)
Armour
 c - a +0 robe (worn)
Jewellery
 r - a ring of flight (left hand)
Wands
 m - a wand of random effects (21/48)
 n - a wand of confusion (9/48)
Scrolls
 a - 5 scrolls of identify {unknown}
 h - 4 scrolls of remove curse
 j - a scroll of blinking {unknown}
 l - 2 scrolls of magic mapping {unknown}
 o - a scroll of teleportation {unknown}
 s - a scroll of amnesia {unknown}
Books
 e - a book of Geomancy

   Spells                             Type                      Level
   a - Sandblast                      Earth                        1
   b - Passwall                       Transmutation/Earth          2
   c - Stone Arrow                    Conjuration/Earth            3
   d - Petrify                        Transmutation/Earth          4
   e - Lee's Rapid Deconstruction     Earth                        5
Comestibles
 d - 3 bread rations
 i - 2 meat rations
 k - a slice of pizza
 p - a beef jerky


   Skills:
 - Level 4.1 Short Blades
 - Level 2.4 Dodging
 + Level 2.7 Stealth
 - Level 4.0 Spellcasting
 - Level 4.0 Transmutations
 - Level 4.0 Earth Magic


You had 6 spell levels left.
You knew the following spells:

 Your Spells              Type           Power        Failure   Level  Hunger
e - Petrify               Tmut/Erth      #####...     2%          4    ####...
f - Sandblast             Erth           #####.       1%          1    None
v - Passwall              Tmut/Erth      #####.....   1%          2    #......


Dungeon Overview and Level Annotations

Branches:
Dungeon (4/15)             Temple (1/1) D:4

Altars:
Ashenzari
Fedhas
Hepliaklqana
Makhleb
Okawaru
Qazlal
Ru
Sif Muna
Trog
Uskayaw
Vehumet
Xom
Yredelemnul
The Shining One

Annotations:
D:4 George's ghost, amateur MiFi


Innate Abilities, Weirdness & Mutations

Armour fits poorly on your strangely shaped body.
You are dopey. (Int -2)
You are frail. (-10% HP)


Message History

* * * LOW HITPOINT WARNING * * *
You feel sick.
It was a potion of mutation.
You feel extremely strange.
Your body twists and deforms.
You feel frail.
You feel stupid. The adder closely misses you.
It was a potion of brilliance.
You feel clever all of a sudden.
* * * LOW HITPOINT WARNING * * *
You feel sick. The adder bites you.
* * * LOW HITPOINT WARNING * * *
You are more poisoned.
The adder poisons you! The adder bites you but does no damage.
Casting: Sandblast
Confirm with . or Enter, or press ? or * to list all spells.
Aiming: Sandblast
Press: ? - help, Shift-Dir - straight line, f/p - adder
Aim: an adder (severely wounded)
The blast of sand hits the adder.
The adder is almost dead.
You die...

#.... ##...#.#.#
###...### ##.##.#.#
.#.......######.##.#.#
.....[..........##.#.###
.........######.##.....#
.......### #(#..###.#
.......###### #...#.##.#
............####.###.#.#
....(#.......S@## ##..#
... #.#...##.## ##.# .
#>#######.## ##>.# #.#
##.###.#.# #.# ##.#.##.#
#.# #..###.# #.# #..#
#.# #.. ........# #..#
##########


You could see an adder.

Vanquished Creatures
  A human (D:3)
  An orc priest (D:3)
  A centaur skeleton (D:3)
  8 adders
  2 worms (D:2)
  4 dart slugs
  2 leopard geckos
  2 orcs (D:3)
  3 giant cockroaches
  6 goblins
  5 hobgoblins
  4 bats
  7 frilled lizards
  6 kobolds
  8 rats
60 creatures vanquished.

Notes
Turn   | Place    | Note
-------+----------+-------------------------------------------
     0 | D:1      | Amnesiac the Deep Elf Earth Elementalist began the quest for the Orb.
     0 | D:1      | Reached XP level 1. HP: 10/10 MP: 6/6
   210 | D:1      | Reached XP level 2. HP: 15/15 MP: 0/8
   286 | D:1      | Learned a level 2 spell: Passwall
   482 | D:3      | Reached XP level 3. HP: 17/19 MP: 3/9
   659 | D:3      | Found a runed door.
   659 | D:3      | Noticed a human
   664 | D:3      | Found a basalt altar of Yredelemnul.
   693 | D:2      | Reached XP level 4. HP: 23/24 MP: 4/11
   772 | D:4      | Found a staircase to the Ecumenical Temple.
   781 | D:4      | Noticed George's ghost (amateur MiFi)
   783 | Temple   | Entered the Ecumenical Temple
   849 | Temple   | Became a worshipper of Ashenzari the Shackled
  1175 | D:1      | Learned a level 4 spell: Petrify
  1662 | D:2      | Found a blossoming altar of Fedhas.
  1798 | D:2      | Found a sacrificial altar of Ru.
  2034 | D:2      | Found a glowing golden altar of the Shining One.
  2036 | D:2      | Found a burning altar of Makhleb.
  2306 | D:3      | Reached skill level 1 in Short Blades
  2306 | D:3      | Reached XP level 5. HP: 16/28 MP: 8/13
  2481 | D:3      | Killed a human
  2481 | D:3      | Reached XP level 6. HP: 4/32 MP: 2/14
  2802 | D:3      | Reached * piety under Ashenzari
  2914 | D:3      | Gained mutation: Armour fits poorly on your strangely shaped body. [potion of mutation]
  2914 | D:3      | Gained mutation: You are frail. (-10% HP) [potion of mutation]
  2914 | D:3      | Gained mutation: You are dopey. (Int -2) [potion of mutation]
  2915 | D:3      | HP: 1/28 [adder (4)]
  2916 | D:3      | Succumbed to an adder's poison

Vault maps used:
D:1:      dpeg_arrival_round_c, st_stairs_6
D:2:      gammafunk_temple_overflow_pools, fedhas_altar_3,
          nicolae_overflow_hidden_temple
D:3:      lemuel_zombie_altar_kikubaaqudgha, dk_yredelemnul_ordeal
D:4:      amethyst_killhole, uniq_crazy_yiuf_cottage
Temple:   zaba_magenta_temple

Skill      XL: |  1  2  3  4  5  6 |
---------------+-------------------+-----
Transmutations | 3 4 |  4.0
Earth Magic    | 4 |  4.0
Spellcasting   | 4 |  4.0
Short Blades   | 1 3 4 |  4.1
Dodging        | |  2.4
Stealth        | |  2.7

Action                   |  1- 3 |  4- 6 || total
-------------------------+-------+-------++-------
Melee: Unarmed           |     3 |       ||     3
       Dagger            |       |    39 ||    39
 Cast: Sandblast         |    47 |    54 ||   101
       Petrify           |       |    10 ||    10
Invok: Curse Item        |       |     1 ||     1
  Use: Potion            |       |     2 ||     2
 Stab: Petrified         |       |    17 ||    17
       Sleeping          |       |     6 ||     6
       Distracted        |       |     1 ||     1
  Eat: Chunk             |       |     8 ||     8
Armor: Robe              |     4 |    10 ||    14
Dodge: Dodged            |    13 |    40 ||    53
